[Event "Cappelle op 32nd"]
[Site "Cappelle la Grande"]
[Date "2016.02.16"]
[Round "5"]
[White "Kurajica, Bojan"]
[Black "Payen, Arnaud"]
[Result "0-1"]
[ECO "E09"]
[WhiteElo "2533"]
[BlackElo "2333"]
[Annotator "Primel,D"]
[PlyCount "90"]
[EventDate "2016.02.13"]
[EventType "swiss"]
[EventRounds "9"]
[EventCountry "FRA"]
[SourceTitle "EXT 2017"]
[Source "ChessBase"]
[SourceDate "2016.10.25"]
[SourceVersion "1"]
[SourceVersionDate "2016.10.25"]
[SourceQuality "1"]
[TimeControl "40/5400+30:1800+30"]
[WhiteClock "1:30:00"]
[BlackClock "1:30:00"]

1. c4 e6 2. Nf3 d5 3. g3 Nf6 4. Bg2 Be7 5. d4 O-O 6. Qc2 c6 7. Nbd2 b6 8. O-O
Bb7 9. e4 Nxe4 {Une ligne très rare} (9... Nbd7) 10. Nxe4 dxe4 11. Qxe4 Nd7
12. Rd1 Qc8 13. Qe2 Re8 14. Bg5 (14. b3 c5 15. Bb2 Bf6 16. dxc5 Bxb2 17. Qxb2
Nxc5 18. Qe2 e5 19. b4 Ne4 20. Rac1 a5 21. a3 axb4 22. axb4 h6 23. Nd2 Ng5 24.
Ne4 Bxe4 25. Bxe4 Ra4 26. b5 Ra3 27. Bc6 e4 28. Bxe8 Qh3 29. Rd8 Kh7 30. f4
exf3 31. Qc2+ f5 32. Bc6 Rc3 33. Rd2 Rxc2 34. Rdxc2 Qg4 35. Kh1 Qd4 36. c5 Ne6
37. cxb6 Qxb6 38. Rf1 Nd4 39. Rcf2 Qc5 40. Bxf3 Qxb5 41. Bg2 Qd3 42. Bh3 g6 43.
Bg2 h5 {Shapkin,A (2236)-Tillyaev,U (2404) Moscow 2015 0-1 (99)}) 14... Bf8 15.
Rd3 $146 (15. Rac1 c5 16. dxc5 Nxc5 17. b4 Ne4 18. c5 bxc5 19. bxc5 Nxg5 20.
Nxg5 Bxg2 21. Kxg2 Qc6+ 22. Kg1 h6 23. Ne4 Rec8 24. Qe3 Rc7 25. Nd6 Rb8 26. h4
Rb4 27. a3 Ra4 28. Qb3 Ra5 29. a4 Rxc5 30. Rxc5 Qxc5 31. Nb5 Rc8 32. Rd7 a6 33.
Nd4 Qc4 34. Qf3 e5 35. Nf5 Qc6 36. Qxc6 Rxc6 37. Rd8 Re6 38. h5 f6 39. Rd7 Rb6
40. Ra7 Rc6 41. Kg2 Rc2 42. Ne3 Rc6 43. Nf5 Rc2 44. Ne3 Rc6 {Kozlov,V (2280)
-Kasimdzhanov,R (2360) Voskresensk 1993 1/2-1/2}) 15... h6 16. Be3 c5 17. Rad1
$32 Be7 18. h4 Bf8 19. b3 Be7 20. R3d2 (20. Qd2 $5 ) 20...
Bf6 21. dxc5 (21. d5 exd5 22. cxd5 Ba6 $132) 21... Nxc5 22. Bd4 (22. Nd4 Bxg2
23. Kxg2 Qb7+ 24. Qf3 $14) 22... e5 23. Be3 Ne6 24. Qf1 e4 25. Nh2 Bc3 26. Rc2
Bb4 27. Qe2 Nc5 28. Bd2 Bxd2 29. Rcxd2 e3 30. fxe3 Bxg2 31. Kxg2 Qb7+ 32. Qf3
Rxe3 33. Rd8+ Re8 34. Rxe8+ Rxe8 35. Qxb7 Nxb7 36. Rd7 Nc5 37. Rxa7 Re2+ 38.
Kg1 Ne4 39. Nf1 Re1 40. Ra8+ Kh7 41. Re8 f5 42. g4 Ra1 (42... f4 ) 43. gxf5 Ng3 44. Kg2 Nxf5 45. Re4 $4 Rxf1 {Le GMI était très décu après
la partie mais il a perdu le fil assez rapidement et le gain des Noirs est
assez logique.} 0-1

[Event "Sautron op 14th"]
[Site "Sautron"]
[Date "2014.10.25"]
[Round "8"]
[White "Ider, Borya"]
[Black "Bedouin, Xavier"]
[Result "1-0"]
[ECO "E09"]
[WhiteElo "2394"]
[BlackElo "2324"]
[Annotator "RR"]
[PlyCount "63"]
[EventDate "2014.10.26"]
[EventType "swiss"]
[EventRounds "9"]
[EventCountry "FRA"]
[SourceTitle "EXT 2015"]
[Source "ChessBase"]
[SourceDate "2014.11.20"]
[SourceVersion "1"]
[SourceVersionDate "2014.11.20"]
[SourceQuality "1"]
[TimeControl "40/5400+30:1800+30"]
[WhiteClock "0:27:57"]
[BlackClock "0:00:53"]

1. d4 Nf6 2. c4 e6 3. g3 d5 4. Nf3 Be7 5. Bg2 O-O 6. O-O c6 7. Qc2 Nbd7 8.
Nbd2 b6 9. e4 dxc4 (9... Bb7 $142 {Malgré l'avantage d'espace des Blancs, il vaut mieux
laisser la tension centrale} 10. e5 Ne8 11. cxd5 cxd5 12. Re1 Rc8 13. Qa4 a5
14. Nf1 Ba6 {Mchedlishvili,M (2630)-Karakehajov,K (2505) TUR-chT Konya 2010 (3)
1-0}) 10. Nxc4 Bb7 11. e5 (
11. Bf4 c5 12. Rfe1 cxd4 13. Nd6 d3 14. Qxd3 Nc5 15. Qd4 Nh5 16. Nxb7 Nxb7 17.
Bd2 Nf6 18. Rad1 Qe8 19. e5 Nd5 20. Ng5 h6 21. Bxd5 exd5 22. Qxd5 Bxg5 23. Bxg5
Nc5 24. Be3 Ne6 25. Qe4 Qb5 26. b3 Rad8 27. Rd6 Rfe8 28. Red1 Qe2 29. R1d2 Qe1+
30. Kg2 Rc8 31. Qg4 Rc1 32. Rd1 Rxd1 33. Rxd1 Qa5 34. Bxh6 Qxa2 35. Rd6 Re7 36.
Bxg7 {1-0 (39) Gelfand,B (2723)-Adams,M (2707) Wijk aan Zee 2006}) (11. Rd1 c5 12. Nfe5 $1 cxd4 13. Rxd4 $32 {Bu,X (2675)-Arnold,M (2445)
Biel MTO op 44th 2011 (2) 1-0}) 11... Nd5 12. h4 $14 h6 13. Nh2 $6 $146 {[%emt 0:03:57] Rrop
lent} (13. Qe4 Kh8 14. Qg4 Rg8 15. Qh5 Qf8 16. Ng5 Bxg5 17. hxg5 Ba6 18. b3 Rc8
19. gxh6 g6 20. Qf3 Bxc4 21. bxc4 Ne7 22. Ba3 c5 23. dxc5 Nxc5 24. Qf6+ Kh7 25.
Rfd1 Nf5 26. g4 Nxh6 27. g5 Nf5 28. Bxc5 Rxc5 29. Rd3 Rg7 30. Rd8 Qe7 31. Rad1
Qxf6 32. exf6 Rg8 33. R8d7 Rf8 34. Bf1 Nh4 35. f4 Ra5 36. R7d3 Rf5 37. Rh3 Rxf4
38. Kh2 Rg4 39. Be2 Rg2+ 40. Kh1 Rxe2 41. Rxh4+ Kg8 42. Rd3 Re1+ {Kaspret,G 
(2295)-Kreindl,H (2229) Austria 2006 1-0}) 13... c5 14. Qe2 cxd4 15. Qg4 (15. Ng4 Rc8 16.
Nxh6+ $1 gxh6 17. Qg4+ Kh8 18. Qh5 Rxc4 19. Qxh6+ (19. Bxh6 $2 N5f6) 19... Kg8
20. Be4 f5 21. Qg6+ {Forçant la nulle}) 15... Kh8 16. Qh5 b5
{[%emt 0:45:12] "long think,bad think", l'adage anglais se vérifie à nouveau
et Rc8 paraissait plus naurel} (16... Rc8 $142 17. Nd6 Bxd6 18. exd6 N5f6) 17.
Nd2 (17. Ng4 $5 {[%cal Gc1h6,Gg4h6] La suite logique du coup
Nh2} Qe8 18. Nxh6 f6 19. Nf7+ Kg8 20. Na5 Rxf7 (20... Bc8 21. Be4 $40) 21. Nxb7
) 17... Qe8 18. Ndf3 Bc5 19. Bxh6 $1 {[%emt 0:10:16] Gagne un P car les Noirs doivent
échanger les Q} f6 $8 20. Qxe8 Raxe8 21. Bd2 fxe5 22. Ng5 $13 N7f6 23. Rae1 (23. Rac1) 23... Bd6 24. Nhf3 Ng4 25. h5 Kg8 26. Nh4 Bc5 27. Ng6 Rxf2 $2 {
[%emt 0:00:26] Joué quasiment à tempo} (27... Rf5) 28. Rxf2 d3 29. Ne4 (29. Nh3 ) 29... Bd4 30. Bf3 Nxf2 31. Nxf2 Kf7 32. Nxe5+ 1-0